 Dungeon Crawl Stone Soup version 0.16.1-29-g3e760ad (webtiles) character file.

2674 sscrono2 the Covert (level 9, -6/65 HPs)
             Began as an Octopode Assassin on June 10, 2015.
             Was a Follower of Kikubaaqudgha.
             Mangled by a vampire mosquito (10 damage)
             ... on level 7 of the Dungeon.
             The game lasted 00:29:30 (5762 turns).

sscrono2 the Covert (Octopode Assassin)             Turns: 5762, Time: 00:29:30

Health: -6/65      AC:  5    Str: 10    XL:     9   Next: 63%
Magic:  17/21      EV: 15    Int: 15    God:    Kikubaaqudgha [*.....]
Gold:   313        SH:  0    Dex: 17    Spells: 2 memorised, 15 levels left

rFire  . . .     SeeInvis +     a - +6 dagger (pain)
rCold  . . .     Clarity  .     (no shield)
rNeg   . . .     SustAb   .     E - +3 crown of Dyrovepreva {rElec Int+2 SInv}
rPois  .         Gourm    .     (no amulet)
rElec  +         Spirit   .     (no ring)
rCorr  .         Warding  .     (no ring)
rMut   .         Stasis   .     (no ring)
MR     +....                    (no ring)
Stlth  +++++++...               (no ring)
                                (no ring)
                                (no ring)
                                (no ring)

@: somewhat resistant to hostile enchantments, extremely stealthy
A: almost no armour, amphibious, 8 rings, constrict 8, rugged brown scales 1,
camouflage 1, magic resistance 1, robust 1, slow healing 1, gelatinous body 1,
placid magic 1
a: Receive Corpses, Renounce Religion


You were on level 7 of the Dungeon.
You worshipped Kikubaaqudgha.
Kikubaaqudgha was aware of your devotion.
You were not hungry.

You visited 2 branches of the dungeon, and saw 8 of its levels.
You also visited: Sewer.

You collected 313 gold pieces.

Inventory:

Hand weapons
 a - a +6 dagger of pain (weapon)
 b - a +0 blowgun
 n - a +1 dagger of electrocution
 A - a +2 dagger
Missiles
 d - 2 throwing nets (quivered)
 e - 34 poisoned needles
 l - 2 curare-tipped needles
Armour
 E - the +3 crown of Dyrovepreva (worn) {rElec Int+2 SInv}
   (You found it on level 5 of the Dungeon)

   It affects your intelligence (+2).
   It insulates you from electricity.
   It enhances your eyesight.
Magical staves
 u - an uncursed staff of air
Magical devices
 C - a wand of teleportation (2)
 F - a wand of cold (4)
Scrolls
 c - 8 scrolls of remove curse
 f - 2 scrolls of blinking
 h - a scroll of noise
 m - 4 scrolls of fog
 r - a scroll of amnesia
 y - a scroll of teleportation
 G - a scroll of identify
Potions
 i - 2 potions of ambrosia
 j - 10 potions of curing
 o - 2 potions of magic
 p - 4 potions of agility
 q - 3 potions of haste
 s - 2 potions of cancellation
 t - 4 potions of heal wounds
 v - a potion of restore abilities
 w - a potion of berserk rage {unknown}
 z - a potion of might {unknown}
 B - 3 potions of brilliance
Books
 I - Kikubaaqudgha's Compendium of Stolen Souls
   (Kikubaaqudgha gifted it to you on level 6 of the Dungeon)

   Spells                             Type                      Level
   a - Pain                           Necromancy                   1
   b - Corpse Rot                     Necromancy                   2
   c - Sublimation of Blood           Necromancy                   2
   d - Regeneration                   Charms/Necromancy            3
   e - Control Undead                 Necromancy                   4
Comestibles
 g - 5 bread rations
 k - 2 meat rations
 x - a slice of pizza
 D - 2 royal jellies


   Skills:
 + Level 3.8 Fighting
 + Level 4.1 Short Blades
 + Level 5.1 Throwing
 + Level 5.2 Dodging
 + Level 11.1 Stealth
 * Level 5.1 Spellcasting
 * Level 2.4 Necromancy


You had 15 spell levels left.
You knew the following spells:

 Your Spells              Type           Power        Failure   Level  Hunger
a - Pain                  Necr           #...         3%          1    None
b - Corpse Rot            Necr           N/A          5%          2    ##.....


Dungeon Overview and Level Annotations

Branches:
Dungeon (7/15)             Temple (1/1) D:5

Altars:
Ashenzari
Cheibriados
Dithmenos
Elyvilon
Gozag
Kikubaaqudgha
Makhleb
Nemelex Xobeh
Okawaru
Qazlal
Ru
Sif Muna
Xom
Yredelemnul


Innate Abilities, Weirdness & Mutations

You cannot wear most types of armour.
You are amphibious.
You can wear up to eight rings at the same time.
You can use your tentacles to constrict many enemies at once.
Your skin changes colour to match your surroundings (Stealth).
Your rubbery body absorbs attacks (AC +1).
You are partially covered in rugged brown scales (AC +1, +3% HP).
You are resistant to hostile enchantments.
You are robust (+10% HP).
You heal slowly when monsters are visible.
Your spells are a little easier to cast, but a little less powerful.


Message History

The vampire mosquito barely misses you. The vampire mosquito bites you!
* * * LOW HITPOINT WARNING * * *
The vampire mosquito closely misses you.
You hit the vampire mosquito.
Your squeeze misses the vampire mosquito.
The vampire mosquito is lightly damaged.
You constrict the vampire mosquito.
The vampire mosquito closely misses you. x2
You hit the vampire mosquito. You squeeze the vampire mosquito!
The vampire mosquito is heavily damaged.
You constrict the vampire mosquito.
The vampire mosquito closely misses you.
The vampire mosquito bites you!
* * * LOW HITPOINT WARNING * * *
The vampire mosquito draws strength from your injuries!
The vampire mosquito bites you.
* * * LOW HITPOINT WARNING * * *
The vampire mosquito bites you!
You die...
Kikubaaqudgha rasps: "You have failed me!
Welcome... death!"

.#........# # .
.......
#.#.#...#
#.##.#.#.# .#
.K.....$.# ..#
..##.#.#.###..#
#..........#
....####)..####
.. +...@...#
#..yyy.##
#.##...# #.
#...# # ###.#
.# .# .#


You could see 3 vampire mosquitoes.

Vanquished Creatures
  Pikel (D:4)
  Prince Ribbit (D:4)
  A human (D:3)
  A vampire mosquito (D:7)
  A slave (D:4)
  2 ogres
  A sky beast (D:6)
  3 ice beasts
  A black bear (D:4)
  Blork the orc (D:7)
  2 big kobolds (Sewer)
  2 giant frogs
  A scorpion (D:6)
  4 crimson imps
  3 hounds
  4 orc priests
  An orc wizard (D:4)
  2 worker ants
  An iguana (D:6)
  Ijyb (D:4)
  Jessica (D:3)
  Robin (D:3)
  A gnoll (D:1)
  8 adders
  6 river rats (Sewer)
  A giant mite (D:6)
  A worm (D:2)
  10 giant geckos
  3 oozes
  4 orcs
  8 bats
  2 bat skeletons (D:6)
  4 giant cockroaches
  13 hobgoblins
  6 jackals
  8 quokkas
  7 ball pythons
  A giant gecko skeleton (D:5)
  7 giant newts
  24 goblins
  21 kobolds
  A quokka skeleton (D:5)
  31 rats
203 creatures vanquished.

Notes
Turn   | Place    | Note
--------------------------------------------------------------
     0 | D:1      | sscrono2, the Octopode Assassin, began the quest for the Orb.
     0 | D:1      | Reached XP level 1. HP: 14/14 MP: 1/1
   120 | D:1      | Reached XP level 2. HP: 6/19 MP: 2/2
   373 | D:1      | Reached skill level 1 in Spellcasting
   672 | D:1      | Reached XP level 3. HP: 24/24 MP: 4/4
   758 | D:1      | Reached skill level 6 in Stealth
  1146 | D:2      | Reached XP level 4. HP: 29/29 MP: 4/6
  1152 | D:2      | Found a shattered altar of Ashenzari.
  1343 | D:2      | Found a sparkling altar of Nemelex Xobeh.
  1864 | D:2      | You fall through a shaft!
  1909 | D:3      | Noticed Jessica
  1919 | D:3      | Killed Jessica
  1919 | D:3      | Reached XP level 5. HP: 33/35 MP: 7/7
  2062 | D:3      | Noticed Robin
  2080 | D:3      | Killed Robin
  2080 | D:3      | Reached skill level 7 in Stealth
  2596 | D:3      | Found a runed door.
  2596 | D:3      | Noticed a human
  2598 | D:3      | Found a basalt altar of Yredelemnul.
  2613 | D:3      | Killed a human
  2613 | D:3      | Reached XP level 6. HP: 27/41 MP: 11/11
  2650 | D:3      | Gained mutation: Scrolls take you a little longer to read. [potion of mutation]
  2650 | D:3      | Gained mutation: You heal slowly when monsters are visible. [potion of mutation]
  2650 | D:3      | Gained mutation: Your spells are a little easier to cast, but a little less powerful. [potion of mutation]
  2651 | D:3      | Gained mutation: You are resistant to hostile enchantments. [potion of mutation]
  2651 | D:3      | Gained mutation: You are robust (+10% HP). [potion of mutation]
  2652 | D:3      | Gained mutation: You are partially covered in rugged brown scales (AC +1, +3% HP). [potion of mutation]
  2652 | D:3      | Lost mutation: Scrolls take you a little longer to read. [potion of mutation]
  2652 | D:3      | Gained mutation: Your muscles are strong. (Str +2) [potion of mutation]
  2842 | D:4      | Noticed Ijyb
  2850 | D:4      | Killed Ijyb
  3106 | D:4      | HP: 2/46 [something/magic dart (8)]
  3114 | D:4      | Reached XP level 7. HP: 43/50 MP: 12/12
  3182 | D:4      | Reached skill level 8 in Stealth
  3285 | D:4      | Found a glowing drain.
  3294 | Sewer    | Entered a sewer
  3946 | D:4      | Noticed Prince Ribbit
  3957 | D:4      | Killed Prince Ribbit
  3957 | D:4      | Reached skill level 9 in Stealth
  3957 | D:4      | Reached XP level 8. HP: 58/58 MP: 14/16
  4000 | D:4      | Found an opulent altar of Gozag.
  4053 | D:4      | Noticed Pikel
  4070 | D:4      | Killed Pikel
  4070 | D:4      | Reached skill level 10 in Stealth
  4260 | D:5      | Entered Level 5 of the Dungeon
  4661 | D:5      | Reached XP level 9. HP: 64/64 MP: 20/20
  4815 | D:5      | Found a staircase to the Ecumenical Temple.
  4828 | Temple   | Entered the Ecumenical Temple
  4833 | Temple   | Became a worshipper of Kikubaaqudgha
  5024 | D:6      | Reached skill level 1 in Necromancy
  5028 | D:6      | Lost mutation: Your muscles are strong. (Str +2) [mutagenic meat]
  5254 | D:6      | Reached skill level 5 in Throwing
  5362 | D:6      | Reached skill level 5 in Dodging
  5432 | D:6      | Reached skill level 11 in Stealth
  5538 | D:6      | Acquired Kikubaaqudgha's first power
  5538 | D:6      | Received a gift from Kikubaaqudgha
  5546 | D:6      | Identified Kikubaaqudgha's Compendium of Stolen Souls (Kikubaaqudgha gifted it to you on level 6 of the Dungeon)
  5550 | D:6      | Learned a level 1 spell: Pain
  5553 | D:6      | Learned a level 2 spell: Corpse Rot
  5558 | D:7      | Noticed Blork the orc
  5754 | D:7      | Killed Blork the orc
  5759 | D:7      | Reached skill level 5 in Spellcasting
  5762 | D:7      | Mangled by a vampire mosquito

Action                   |  1- 3 |  4- 6 |  7- 9 || total
-------------------------+-------+-------+-------++-------
Melee: Dagger            |    68 |   124 |   186 ||   378
 Fire: Blowgun           |       |    23 |    38 ||    61
Throw: Throwing net      |       |       |     1 ||     1
  Use: Scroll            |       |    13 |     6 ||    19
       Potion            |       |     6 |       ||     6
 Stab: Sleeping          |     8 |    14 |    20 ||    42
       Distracted        |       |       |     2 ||     2
  Eat: Fruit             |     4 |       |       ||     4
       Bread ration      |       |     1 |     1 ||     2
       Beef jerky        |       |     1 |       ||     1
       Chunk             |       |       |     5 ||     5
